 Dungeon Crawl Stone Soup version 0.21-a0-404-g291f19a (webtiles) character file.

46589 tailblues the Covert (level 14, -24/66 HPs)
             Began as a Felid Transmuter on Oct 28, 2017.
             Was the Champion of Dithmenos.
             Killed from afar by a thorn hunter (29 damage)
             ... with a volley of thorns
             ... on level 2 of the Swamp.
             The game lasted 03:40:57 (45828 turns).

tailblues the Covert (Felid Transmuter)            Turns: 45828, Time: 03:40:58

Health: -24/66     AC:  3    Str: 12    XL:     14   Next: 5%
Magic:  23/31      EV: 28    Int: 18    God:    Dithmenos [******]
Gold:   2322       SH:  6    Dex: 18    Spells: 0/37 levels left
                                        Lives:  0   Deaths: 2

rFire    . . .     SeeInvis +     - Unarmed
rCold    + . .     Gourm    .   (shield unavailable)
rNeg     . . .     Faith    .   (armour unavailable)
rPois    +         Spirit   .   (helmet unavailable)
rElec    +         Reflect  +   (cloak unavailable)
rCorr    +         Harm     .   (gloves unavailable)
MR       +++..                  (boots unavailable)
Stlth    ++++++++..             H - +6 amulet of reflection
HPRegen  0.21/turn              d - ring of resist corrosion
MPRegen  0.22/turn              K - ring of poison resistance

@: blade paws, very slightly contaminated, wreathed by umbra, quick
A: no armour, no weapons or thrown items, stealth, claws 1, fangs 3, see
invisible, carnivore 3, clever 1, speed 1, magic resistance 1, shaggy fur 3,
electricity resistance, slow metabolism 1, strong 1
a: End Transformation, Shadow Step, Shadow Form, Renounce Religion


You were on level 2 of the Swamp.
You worshipped Dithmenos.
Dithmenos was exalted by your worship.
You were not hungry.
You had blades for front paws.
You visited 6 branches of the dungeon, and saw 28 of its levels.
You also visited: Volcano.

You collected 2322 gold pieces.

Inventory:

Missiles
 a - 431 arrows
Jewellery
 b - an uncursed ring of protection from cold
 d - a ring of resist corrosion (left scythe-like blade)
 g - an uncursed ring of stealth
 t - an uncursed ring of protection from fire
 v - an uncursed ring of ice
 E - an uncursed ring of stealth
 H - a +6 amulet of reflection (around neck)
 J - an uncursed ring of fire
 K - a ring of poison resistance (right scythe-like blade)
 N - a +2 ring of dexterity
Wands
 m - a wand of iceblast (15/15)
 s - a wand of digging (14/24)
 L - a wand of scattershot (8/9)
 M - a wand of enslavement (12/24)
Scrolls
 e - 3 scrolls of magic mapping
 h - 10 scrolls of remove curse
 o - a scroll of identify
 r - a scroll of teleportation
 w - a scroll of fog
 y - 4 scrolls of recharging
Potions
 c - a potion of flight
 f - 2 potions of brilliance
 i - 2 potions of haste
 j - 2 potions of magic
 k - 7 potions of curing
 l - 4 potions of invisibility
 q - 7 potions of lignification
 x - 3 potions of agility
 z - a potion of cancellation
 A - 3 potions of might
 C - 4 potions of ambrosia
 D - 2 potions of resistance
 F - 3 potions of mutation
Books
 p - a book of Maledictions

   Spells                             Type                      Level
   a - Corona                         Hexes                        1
   b - Ensorcelled Hibernation        Hexes/Ice                    2
   c - Confuse                        Hexes                        3
   d - Tukima's Dance                 Hexes                        3
   e - Dazzling Spray                 Conjuration/Hexes            3
Miscellaneous
 O - a fan of gales
Comestibles
 n - 6 meat rations


   Skills:
 * Level 10.4 Fighting
 + Level 11.2 Dodging
 + Level 12.4 Stealth
 + Level 12.0 Unarmed Combat
 + Level 12.2 Spellcasting
 + Level 2.9 Conjurations
 + Level 3.1 Charms
 + Level 1.1 Necromancy
 + Level 2.1 Translocations
 + Level 11.6 Transmutations
 + Level 3.0 Ice Magic
 + Level 7.3 Air Magic
 + Level 7.5 Poison Magic
 + Level 1.7 Invocations


You couldn't memorise any spells.
You knew the following spells:

 Your Spells              Type           Power        Failure   Level  Hunger
a - Beastly Appendage     Tmut           ######       6%          1    None
b - Sticks to Snakes      Tmut           ######..     7%          2    None
d - Mephitic Cloud        Conj/Pois/Air  ####....     19%         3    None
e - Airstrike             Air            #####.....   26%         4    ##.....
f - Sting                 Conj/Pois      ####         13%         1    None
g - Confuse               Hex            ##......     61%         3    None
h - Blade Hands           Tmut           ######....   17%         5    ####...
i - Ice Form              Ice/Tmut       #####...     26%         4    ##.....
p - Poisonous Vapours     Pois/Air       #####.       11%         2    None
s - Dazzling Spray        Conj/Hex       ###...       47%         3    None
B - Blink                 Tloc           N/A          30%         2    None
G - Regeneration          Chrm/Necr      ###.......   41%         3    None
S - Shroud of Golubria    Chrm/Tloc      ###.......   26%         2    None
W - Swiftness             Chrm/Air       ####....     16%         2    None


Dungeon Overview and Level Annotations

Branches:
Dungeon (15/15)            Temple (0/1) D:7            Lair (6/6) D:10
  Swamp (3/4) Lair:4        Snake (1/4) Lair:2        Slime (0/5) Lair:6
    Orc (2/2) D:11            Elf (1/3) Orc:2        Vaults (0/5) D:14
 Depths: D:15

Altars:
Ashenzari
Dithmenos
Elyvilon
Fedhas
Hepliaklqana
Nemelex Xobeh
Qazlal
Ru
Trog
Uskayaw
Vehumet
Wu Jian
Zin
The Shining One
Beogh
Jiyva

Shops:
D:5 [   Orc:2 *(*}

Portals:
Pandemonium: Orc:2

Annotations:
D:7 ohad's ghost, novice FoFi
Lair:3 exclusion: oklob plant
Swamp:2 exclusion: oklob plant
Swamp:3 1 runed door


Innate Abilities, Weirdness & Mutations

You cannot wear armour.
You are incapable of wielding weapons or throwing items.
Your paws allow you to move quietly. (Stealth)
You have sharp claws.
You have razor-sharp teeth.
You have supernaturally acute eyesight. (SInv)
You are carnivorous and can eat meat at any time.
You cover ground quickly.
Your thick and shaggy fur keeps you warm. (AC +3, rC+)
You have a slow metabolism.
((Your sharp claws are effective at attacking unaware monsters.))
Your mind is acute. (Int +2)
You are resistant to hostile enchantments. (MR+)
You are resistant to electric shocks. (rElec)
Your muscles are strong. (Str +2)


Message History

Press: ? - help, Dir - move target cursor You are very lightly contaminated with residual magic.
As you read the scroll of blinking, it crumbles to dust.
There is an empty arch of ancient stone here.
You see here a potion of mutation.
F - 3 potions of mutation (gained 1)
Your adder barely misses the thorn hunter.
Blink to where?
Press: ? - help, Dir - move target cursor
As you read the scroll of blinking, it crumbles to dust.
Found a scroll of identify.
As you read the scroll of fog, it crumbles to dust.
The scroll dissolves into smoke.
As you read the scroll of teleportation, it crumbles to dust.
You feel strangely unstable.
o - a scroll of identify Your surroundings suddenly seem different.
The thorn hunter fires a volley of thorns at you.
The volley of thorns hits you!
You die...

♣≈♣ ♣...♣.♣♣♣§§§.♣♣♣ ..♣♣ ♣.♣
♣♣.♣♣S♣♣♣§§P...♣ ♣≈♣
♣....♣♣♣§P§§...♣ ♣♣♣ ♣P♣
♣♣..f.♣♣§S§§P....♣♣.♣. ♣f♣
♣..♣..♣♣..S.≈♣≈♣♣....P ♣.♣
♣♣..♣♣S♣..f≈..S..≈≈... ♣.♣
♣♣♣♣♣♣..♣.........≈.. ♣♣.♣♣
♣♣♣..♣....Sf≈....≈P ♣...♣
♣.@..♣..≈≈...≈≈..♣. ♣♣.♣♣
♣.....≈...≈.....≈...♣ ♣♣♣.♣
♣♣.....♣..≈..♣♣♣f.≈..≈ ♣♣.♣.♣♣
♣?P...∩♣..≈..♣ ♣S.≈..♣ ♣..≈≈≈♣
♣♣.....♣..≈..♣♣♣S.≈..♣
♣♣.≈§.♣♣♣♣.♣..♣..♣...≈...∩.§...♣
♣♣≈♣.♣♣.§≈♣♣♣...P≈..≈≈PP.≈≈.P≈.
♣≈≈≈♣♣≈≈♣♣ ♣♣..♣....≈≈≈....≈.
♣♣..♣♣...♣ ♣♣.§♣.........♣..


You could see a thorn hunter and 2 friendly adders.

Vanquished Creatures
  Frances (D:12)
  A dire elephant (Lair:6)
  The ghost of tilp the Thaumaturge, a journeyman DEFE of Vehumet (D:14)
  An ettin (Orc:1)
  Fannar (Orc:1)
  Harold (Lair:3)
  8 vault guards (D:14)
  7 hydras
  2 catoblepae
  4 centaur warriors
  An anaconda (Lair:2)
  A deep troll shaman (Lair:6)
  5 two-headed ogres
  9 death yaks
  An alligator (Swamp:1)
  Urug (Lair:2)
  A naga sharpshooter (Lair:2)
  6 orc high priests (Orc:2)
  Sonja (D:12)
  A sixfirhy (Orc:2)
  A spriggan druid (Swamp:2)
  An unseen horror (D:12)
  A torturous demonspawn (Orc:2)
  2 swamp dragons (Swamp:1)
  A shambling mangrove (Swamp:3)
  4 orc knights (Orc:2)
  A wizard (D:14)
  2 ugly things
  2 deep elf magi
  6 orc sorcerers (Orc:2)
  3 cyclopes
  A torpor snail (Lair:3)
  3 manticores
  4 elephants (Lair:6)
  Joseph (D:8)
  7 black mambas
  A rust devil (Orc:2)
  A molten gargoyle (Volcano)
  15 spiny frogs
  2 gargoyles (Volcano)
  8 komodo dragons
  4 tengu conjurers
  3 polar bears
  3 trolls
  6 hornets
  15 blink frogs
  12 dream sheep
  2 tyrant leeches
  10 slime creatures
  3 bog bodies (Swamp:3)
  12 hippogriffs
  37 yaks
  4 spriggans (Swamp:3)
  A shadow (D:14)
  2 wraiths
  A chaos spawn (Orc:2)
  A ynoxinul (Orc:2)
  A fire elemental (Volcano)
  2 basilisks
  A hungry ghost (D:9)
  A neqoxec (Orc:2)
  2 insubstantial wisps (Swamp:3)
  9 swamp worms
  16 vampire mosquitoes
  2 wargs (Orc:1)
  A soldier ant (D:13)
  9 porcupines
  2 acid dragons
  17 water moccasins
  2 swamp drakes
  30 orc warriors
  2 black bears
  3 phantoms
  3 ice beasts
  3 necrophages (Swamp:1)
  8 sky beasts
  10 ogres
  3 wolves (Lair:6)
  15 centaurs
  12 crocodiles
  2 big kobolds
  A gnoll sergeant (D:6)
  17 bullfrogs
  6 jellies
  5 scorpions
  10 killer bees
  11 wights
  An electric eel (D:11)
  6 howler monkeys
  8 crimson imps
  A centaur zombie (D:6)
  A gnoll shaman (D:5)
  3 centaur skeletons
  27 orc priests
  7 hounds
  4 bullfrog skeletons
  5 iguanas
  19 orc wizards
  10 worker ants
  2 hound skeletons
  Robin (D:4)
  7 gnolls
  12 adders
  A howler monkey skeleton (D:4)
  A river rat (D:5)
  3 shadow imps
  An ooze (Lair:6)
  8 worms
  3 dart slugs
  3 leopard geckos
  75 orcs
  6 bats
  8 giant cockroaches
  7 goblins
  9 hobgoblins
  11 jackals
  A quokka (D:6)
  A ball python (D:4)
  6 frilled lizards
  A jackal skeleton (D:6)
  14 kobolds
  2 leopard gecko skeletons
  9 rats
  A fungus (Swamp:2)
728 creatures vanquished.

Vanquished Creatures (collateral kills)
  A thorn hunter (Swamp:2)
  A hydra (Swamp:2)
  An alligator (Swamp:3)
  An orc knight (Orc:2)
  An orc sorcerer (Orc:2)
  A bog body (Swamp:2)
  Sigmund (D:4)
  Menkaure (D:5)
  A porcupine (Lair:1)
  An ogre (Orc:2)
  A jelly (D:3)
  An orc priest (Orc:2)
  2 orc wizards
  2 worker ants (D:4)
  An iguana (D:9)
  2 adders
  An adder skeleton (D:6)
  A dart slug (D:4)
  A leopard gecko (D:3)
  2 orcs
  3 goblins
  A hobgoblin (D:4)
  3 kobolds
  2 rats (D:3)
  A fungus (Swamp:2)
34 creatures vanquished.

Vanquished Creatures (others)
  A hornet (Swamp:1)
  3 spriggans (Swamp:1)
  A yak (D:9)
  2 orc wizards (D:9)
  A worker ant zombie (D:9)
  An orc (D:9)
  A jackal (D:9)
  A briar patch (Swamp:2)
  7 fungi
  9 plants
27 creatures vanquished.

Grand Total: 789 creatures vanquished

Notes
Turn   | Place    | Note
-------+----------+-------------------------------------------
     0 | D:1      | tailblues the Felid Transmuter began the quest for the Orb.
     0 | D:1      | Reached XP level 1. HP: 9/9 MP: 4/4
   631 | D:1      | Reached XP level 2. HP: 12/12 MP: 6/6
  1673 | D:2      | Learned a level 2 spell: Sticks to Snakes
  1739 | D:2      | Reached skill level 1 in Stealth
  1947 | D:2      | Reached XP level 3. HP: 15/15 MP: 7/7
  2343 | D:2      | Found a sacrificial altar of Ru.
  2884 | D:3      | Reached XP level 4. HP: 17/19 MP: 1/8
  3032 | D:3      | Learned a level 3 spell: Spider Form
  3036 | D:3      | Found a shattered altar of Ashenzari.
  3116 | D:3      | Found a shadowy altar of Dithmenos.
  3164 | D:3      | Found a stormy altar of Qazlal.
  3168 | D:3      | Became a worshipper of Dithmenos the Shadowed
  3263 | D:3      | Found a faded altar of an unknown god.
  4064 | D:4      | Reached XP level 5. HP: 19/22 MP: 1/9
  4085 | D:4      | Noticed Robin
  4160 | D:4      | Killed Robin
  4214 | D:4      | Reached * piety under Dithmenos
  4886 | D:4      | Noticed Sigmund
  4922 | D:4      | Killed Sigmund
  4922 | D:4      | Gained mutation: You are covered in thick fur. (AC +2) [Felid growth]
  4922 | D:4      | Reached XP level 6. HP: 12/27 MP: 1/11
  5157 | D:4      | Learned a level 4 spell: Ice Form
  5223 | D:5      | Entered Level 5 of the Dungeon
  5528 | D:5      | Found Zatin Nui's Antique Armour Shop.
  5582 | D:5      | Noticed Menkaure
  5908 | D:5      | Found a bloodstained altar of Trog.
  6253 | D:5      | Reached XP level 7. HP: 10/31 MP: 6/13
  6766 | D:5      | Reached skill level 5 in Dodging
  6931 | D:5      | Found a blossoming altar of Fedhas.
  7536 | D:5      | Killed Menkaure
  7721 | D:5      | Reached XP level 8. HP: 33/36 MP: 12/15
  7845 | D:5      | Reached skill level 5 in Unarmed Combat
  7859 | D:5      | Reached ** piety under Dithmenos
  7955 | D:5      | Reached skill level 1 in Poison Magic
  8101 | D:6      | Found a hide-covered altar of Uskayaw.
  8425 | D:6      | Learned a level 1 spell: Sting
  8506 | D:5      | Learned a level 2 spell: Poisonous Vapours
  8566 | D:6      | Reached skill level 1 in Ice Magic
  8575 | D:6      | Reached skill level 5 in Transmutations
  9013 | D:5      | Learned a level 3 spell: Mephitic Cloud
  9127 | D:6      | Gained mutation: You are robust. (+10% HP) [mutagenic meat]
  9128 | D:6      | Gained mutation: You are very robust. (+20% HP) [mutagenic meat]
  9129 | D:6      | Gained mutation: You are agile. (Dex +2) [mutagenic meat]
  9130 | D:6      | Gained mutation: Your mind is acute. (Int +2) [mutagenic meat]
  9345 | D:6      | Reached skill level 5 in Spellcasting
  9632 | D:6      | Reached skill level 1 in Air Magic
  9771 | D:6      | Reached skill level 5 in Fighting
  9974 | D:6      | Reached XP level 9. HP: 48/48 MP: 4/18
 10189 | D:6      | Found a blossoming altar of Fedhas.
 11346 | D:7      | Noticed ohad's ghost (novice FoFi)
 11722 | D:7      | Noticed a deep elf mage
 11725 | D:7      | Killed a deep elf mage
 11725 | D:7      | Reached skill level 1 in Conjurations
 11773 | D:7      | Reached skill level 5 in Stealth
 12003 | D:7      | Found a hazy altar of Hepliaklqana.
 12003 | D:7      | Found a glowing silver altar of Zin.
 12003 | D:7      | Found an ornate altar of the Wu Jian Council.
 12004 | D:7      | Found a white marble altar of Elyvilon.
 12445 | D:7      | Found a sparkling altar of Nemelex Xobeh.
 12501 | D:7      | Found a staircase to the Ecumenical Temple.
 12632 | D:8      | Found a hide-covered altar of Uskayaw.
 12675 | D:8      | Noticed Joseph
 12726 | D:8      | Reached *** piety under Dithmenos
 12902 | D:8      | Killed Joseph
 12902 | D:8      | Reached XP level 10. HP: 40/54 MP: 16/20
 13872 | D:8      | Learned a level 5 spell: Blade Hands
 14021 | D:8      | Found a glowing golden altar of the Shining One.
 14308 | D:9      | Noticed a two-headed ogre
 14677 | D:9      | Found a radiant altar of Vehumet.
 14726 | D:9      | Killed a two-headed ogre
 14954 | D:9      | Noticed a two-headed ogre
 14966 | D:9      | Killed a two-headed ogre
 15171 | D:9      | Noticed a two-headed ogre
 15205 | D:9      | Killed a two-headed ogre
 15205 | D:9      | Reached XP level 11. HP: 60/60 MP: 9/22
 15868 | D:10     | Entered Level 10 of the Dungeon
 16156 | D:10     | Got a polished long sword
 16167 | D:10     | Reached **** piety under Dithmenos
 16322 | D:10     | Identified the +2 long sword of Discord {drain, MR+} (You found it on level 10 of the Dungeon)
 16342 | D:10     | Found a staircase to the Lair.
 16668 | Lair:1   | Entered Level 1 of the Lair of Beasts
 18205 | Lair:1   | Noticed a death yak
 18207 | Lair:1   | Noticed a death yak
 18207 | Lair:1   | Noticed a death yak
 18208 | Lair:1   | Noticed a death yak
 18251 | Lair:1   | Killed a death yak
 18290 | Lair:1   | Killed a death yak
 18442 | Lair:1   | Reached skill level 5 in Air Magic
 18602 | Lair:1   | Noticed a death yak
 18645 | Lair:1   | Killed a death yak
 18729 | Lair:1   | Killed a death yak
 18729 | Lair:1   | Reached skill level 5 in Poison Magic
 18908 | Lair:1   | Killed a death yak
 18908 | Lair:1   | Gained mutation: Your thick and shaggy fur keeps you warm. (AC +3, rC+) [Felid growth]
 18908 | Lair:1   | Reached XP level 12. HP: 50/67 MP: 1/25
 19249 | Lair:2   | Got a brightly glowing leather armour
 20100 | Lair:2   | Reached ***** piety under Dithmenos
 20374 | Lair:2   | Noticed Urug
 20404 | Lair:2   | Killed Urug
 20862 | Lair:2   | Found a staircase to the Snake Pit.
 21492 | Lair:3   | Noticed Harold
 21503 | Lair:3   | Killed Harold
 21618 | Lair:3   | Noticed a six-headed hydra
 21709 | Lair:3   | Killed a six-headed hydra
 21906 | Lair:3   | Reached skill level 1 in Invocations
 23138 | Lair:4   | Found a staircase to the Swamp.
 23409 | Lair:4   | Reached XP level 13. HP: 72/72 MP: 13/27
 23811 | Lair:4   | Learned a level 2 spell: Swiftness
 23885 | Lair:4   | Learned a level 4 spell: Airstrike
 23924 | Lair:4   | Reached skill level 10 in Dodging
 25064 | Lair:5   | Reached skill level 10 in Stealth
 25899 | Lair:6   | Entered Level 6 of the Lair of Beasts
 26908 | Lair:6   | Reached skill level 10 in Spellcasting
 27055 | Lair:6   | Noticed a dire elephant
 27282 | Lair:6   | Killed a dire elephant
 27499 | Lair:6   | Found a runed door.
 27499 | Lair:6   | Found a viscous altar of Jiyva.
 27503 | Lair:6   | Found a staircase to the Slime Pits.
 27529 | Lair:6   | Reached skill level 10 in Unarmed Combat
 29065 | D:11     | Got a heavily runed cloak
 29110 | D:11     | Learned a level 2 spell: Shroud of Golubria
 29399 | D:11     | Learned a level 3 spell: Confuse
 29518 | D:11     | Found a staircase to the Orcish Mines.
 29606 | Orc:1    | Entered Level 1 of the Orcish Mines
 29619 | Orc:1    | Noticed an ettin
 29839 | Orc:2    | Entered Level 2 of the Orcish Mines
 29879 | Orc:1    | Found a dark tunnel.
 29885 | Volcano  | Entered a volcano
 29937 | Volcano  | Reached ****** piety under Dithmenos
 29937 | Volcano  | Reached XP level 14. HP: 66/78 MP: 19/29
 30296 | Orc:1    | Noticed Fannar
 30315 | Orc:1    | Killed Fannar
 31001 | Orc:1    | Found a roughly hewn altar of Beogh.
 31475 | Orc:2    | Found a staircase to the Elven Halls.
 32631 | Orc:2    | Found Bimm's General Store.
 32767 | Orc:2    | Found Hutiamev's General Store.
 33445 | Orc:2    | Found a roughly hewn altar of Beogh.
 35101 | Orc:2    | Reached skill level 10 in Transmutations
 35323 | Orc:2    | Learned a level 2 spell: Blink
 35353 | Orc:2    | Found Tomocloe's Antique Weapon Shoppe.
 35353 | Orc:2    | Found Aquis's Gadget Emporium.
 35353 | Orc:2    | Found a one-way gate leading to the halls of Pandemonium.
 35358 | Orc:2    | Reached skill level 1 in Charms
 35786 | Elf:1    | Entered Level 1 of the Elven Halls
 36383 | D:12     | Noticed Frances
 36395 | D:12     | Killed Frances
 36491 | D:12     | Noticed Sonja
 36504 | D:12     | Killed Sonja
 37192 | D:13     | Lost mutation: You are very robust. (+20% HP) [potion of mutation]
 37192 | D:13     | Lost mutation: You are agile. (Dex +2) [potion of mutation]
 37192 | D:13     | Lost mutation: You are robust. (+10% HP) [potion of mutation]
 37192 | D:13     | Gained mutation: You are resistant to electric shocks. (rElec) [potion of mutation]
 37192 | D:13     | Gained mutation: Your muscles are strong. (Str +2) [potion of mutation]
 37192 | D:13     | Gained mutation: You are resistant to hostile enchantments. (MR+) [potion of mutation]
 37641 | D:13     | Reached XP level 15. HP: 66/69 MP: 20/31
 38423 | D:14     | Noticed tilp's ghost (journeyman DEFE)
 38447 | D:14     | Killed tilp's ghost
 39199 | D:14     | Found a gate to the Vaults.
 39832 | D:14     | Learned a level 3 spell: Regeneration
 40152 | D:15     | Entered Level 15 of the Dungeon
 40402 | Snake:1  | Entered Level 1 of the Snake Pit
 40930 | Lair:2   | HP: 1/69 [naga sharpshooter/bolt (38)]
 40930 | Lair:2   | Shot with a bolt by a naga sharpshooter
 40931 | Lair:2   | Reached XP level 14. HP: -5/65 MP: 25/30
 41520 | Lair:2   | Reached skill level 1 in Translocations
 41811 | Swamp:1  | Entered Level 1 of the Swamp
 42296 | Swamp:1  | Reached skill level 10 in Fighting
 43659 | Swamp:2  | Learned a level 3 spell: Dazzling Spray
 44518 | Swamp:2  | Noticed a thorn hunter
 44524 | Swamp:2  | Noticed a thorn hunter
 44528 | Swamp:2  | Noticed a thorn hunter
 44653 | Swamp:2  | HP: 1/66 [thorn hunter/volley of thorns (29)]
 44720 | Swamp:2  | You fall through a shaft!
 44734 | Swamp:3  | HP: 1/79 [alligator (3)]
 44758 | Swamp:3  | Mangled by a tyrant leech
 44759 | Swamp:3  | Reached XP level 13. HP: -6/61 MP: 9/30
 45236 | Swamp:3  | Reached skill level 1 in Necromancy
 45547 | Swamp:3  | Reached XP level 14. HP: 8/66 MP: 20/31
 45677 | Swamp:3  | Found a runed door.
 45806 | Swamp:2  | Noticed a thorn hunter
 45810 | Swamp:2  | HP: 2/66 [thorn hunter/volley of thorns (39)]
 45811 | Swamp:2  | Killed a thorn hunter
 45828 | Swamp:2  | Killed from afar by a thorn hunter

Vault maps used:
D:1:      lightli_arrival_lavapool
D:2:      nicolae_ru_the_path_less_chosen, first_bread
D:3:      overflow_temple_1_default, overflow_temple_1_default,
          chequers_ecumenical_altar_island, minmay_misc_feat_roman,
          ashenzari_altar_1
D:4:      sigmund_army, uniq_robin, uniq_sigmund
D:5:      old_standard_altar, bloody_trog, serial_shops, shop,
          lightli_sewer_entry_pipes, uniq_menkaure
D:6:      minmay_misc_feat_alley, hangedman_feature_mirror
D:7:      nemelex_xobeh_ov_fountains_minmay,
          chequers_temple_overflow_statue_of_worship, temple_statues,
          guppyfry_early_elven_hall
D:8:      lemuel_doored_altar, marbit_many_paths, uniq_joseph
D:9:      fiery_altar_vehumet
D:10:     david_lair_shrubbed, blue_anna_alchemist, hex_tiny,
          lemuel_statue_altar
D:12:     uniq_sonja, uniq_frances
D:14:     erik_vaults_2, serial_glass, glass_columns_c, glass_columns_b,
          minmay_splitting_lines
D:15:     grunt_enter_depths_giant_problem, basic_altar,
          yredelemnul_altar_generic, stair_cage_line,
          hangedman_abyss_or_decor_lesser_grid, grunt_gozag_breadcrumbs
Lair:1:   minivault_23, beast_lair_carwin_10
Lair:2:   minmay_snake_entry_six_corridors, uniq_urug
Lair:3:   grunt_megastairs_1, minmay_lair_oklob_chamber, uniq_harold
Lair:4:   minmay_swamp_entry_swarm
Lair:5:   infiniplex_staircase_pool, grunt_megastairs_3
Lair:6:   grunt_lair_end_beastmaster, slime_altar_2
Swamp:1:  hangedman_swamp_ruin_wall, roderic_carrion_pond
Swamp:2:  nicolae_swamp_phyte_club, nicolae_swamp_dense_foliage
Swamp:3:  gammafunk_mikee_crab_dinner, nicolae_swamp_treefoil, swamp_pool4,
          uniq_roxanne
Snake:1:  grunt_megastairs_2, uniq_asterion
Orc:1:    nicolae_volcano_entry_hallway, minmay_orc_temple_a, uniq_fannar
Orc:2:    pf_orc_diabolical, basic_altar
Elf:1:    hangedman_corner_corridor, uniq_aizul
Volcano:  volcano_overflow

Skill      XL: |  1  2  3  4  5  6  7  8  9 10 11 12 13 14 15 |
---------------+----------------------------------------------+-----
Stealth        | 1 2 3 4 5 6 8 9 11 12 | 12.4
Dodging        | 3 4 5 6 7 9 10 11 | 11.2
Fighting       | 2 3 5 6 7 8 9 10 | 10.4
Transmutations | 3 4 5 6 7 9 10 11 | 11.6
Unarmed Combat | 4 5 6 7 8 12 11 | 12.0
Spellcasting   | 3 4 5 6 7 8 9 10 12 | 12.2
Poison Magic   | 1 3 4 5 6 7 |  7.5
Ice Magic      | 1 2 3 |  3.0
Air Magic      | 1 3 5 6 7 |  7.3
Conjurations   | 1 2 |  2.9
Invocations    | 1 |  1.7
Charms         | 3 1 2 |  3.1
Translocations | 2 |  2.1
Necromancy     | 1 |  1.1

Action                   |  1- 3 |  4- 6 |  7- 9 | 10-12 | 13-15 || total
-------------------------+-------+-------+-------+-------+-------++-------
Melee: Unarmed           |    93 |   142 |   311 |   402 |   981 ||  1929
       Headbutt          |     7 |    10 |     7 |    11 |     2 ||    37
       Bite              |     5 |     7 |    18 |    17 |    98 ||   145
       Punch             |     1 |     2 |    10 |     3 |    38 ||    54
 Cast: Beastly Appendage |    14 |    17 |    15 |    11 |     5 ||    62
       Sticks to Snakes  |     9 |    42 |    20 |    18 |    69 ||   158
       Spider Form       |       |    10 |    15 |     1 |       ||    26
       Poisonous Vapours |       |       |    49 |   167 |   150 ||   366
       Mephitic Cloud    |       |       |    16 |    51 |   105 ||   172
       Ice Form          |       |       |     7 |    43 |    20 ||    70
       Sting             |       |       |     4 |     6 |    33 ||    43
       Blade Hands       |       |       |       |     7 |    84 ||    91
       Shroud of Golubri |       |       |       |       |    84 ||    84
       Airstrike         |       |       |       |       |    32 ||    32
       Regeneration      |       |       |       |       |    12 ||    12
       Swiftness         |       |       |       |       |     4 ||     4
       Blink             |       |       |       |       |    18 ||    18
       Confuse           |       |       |       |       |     6 ||     6
Invok: Shadow Step       |       |       |       |     2 |     3 ||     5
 Abil: End Transformatio |       |     1 |    12 |    38 |    85 ||   136
Evoke: Wand              |       |       |       |       |     1 ||     1
  Use: Potion            |     4 |     1 |     1 |     1 |     9 ||    16
       Scroll            |     3 |     5 |     1 |     7 |    34 ||    50
 Stab: Sleeping          |    12 |     5 |    11 |    15 |    57 ||   100
       Invisible         |     1 |       |       |       |       ||     1
       Distracted        |       |     2 |     2 |     4 |     4 ||    12
       Confused          |       |       |     8 |    18 |    33 ||    59
  Eat: Chunk             |    12 |    10 |    26 |    26 |    54 ||   128
       Meat ration       |       |       |       |     1 |     1 ||     2
Armor: Skin              |     7 |     9 |    14 |    22 |    31 ||    83
Dodge: Dodged            |    75 |   141 |   243 |   335 |   693 ||  1487
Block: Other             |       |       |       |     1 |   199 ||   200
       Reflection        |       |       |       |       |    11 ||    11

Table legend:
 A = Spawn XP
 B = Non-spawn XP
 C = Spawn XP percentage of total XP
 D = Spawn monster count
 E = Non-spawn monster count
 F = Spawn count percentage of total count
 G = Total turns spent on level
                    A         B        C        D         E        F      G
               +---------+---------+-------+---------+---------+-------+---------
         Total |       0 |  145008 |   0.0 |       0 |     759 |   0.0 | 45828
               +---------+---------+-------+---------+---------+-------+---------
           D:1 |       0 |      27 |   0.0 |       0 |      16 |   0.0 |  1669
           D:2 |       0 |      61 |   0.0 |       0 |      24 |   0.0 |  1201
           D:3 |       0 |      62 |   0.0 |       0 |      20 |   0.0 |   877
           D:4 |       0 |     314 |   0.0 |       0 |      26 |   0.0 |  2293
           D:5 |       0 |    1178 |   0.0 |       0 |      36 |   0.0 |  2692
           D:6 |       0 |    1543 |   0.0 |       0 |      44 |   0.0 |  2522
           D:7 |       0 |    1693 |   0.0 |       0 |      24 |   0.0 |  1285
           D:8 |       0 |    2580 |   0.0 |       0 |      36 |   0.0 |  1849
           D:9 |       0 |    5320 |   0.0 |       0 |      26 |   0.0 |  1480
          D:10 |       0 |    1392 |   0.0 |       0 |      18 |   0.0 |  1212
          D:11 |       0 |    1938 |   0.0 |       0 |      18 |   0.0 |  1273
          D:12 |       0 |   12709 |   0.0 |       0 |      36 |   0.0 |   986
          D:13 |       0 |    6898 |   0.0 |       0 |      27 |   0.0 |  1608
          D:14 |       0 |   17276 |   0.0 |       0 |      45 |   0.0 |  1776
        Lair:1 |       0 |    8840 |   0.0 |       0 |      33 |   0.0 |  3153
        Lair:2 |       0 |    8536 |   0.0 |       0 |      32 |   0.0 |  3230
        Lair:3 |       0 |    7594 |   0.0 |       0 |      26 |   0.0 |  1949
        Lair:4 |       0 |    4300 |   0.0 |       0 |      20 |   0.0 |  1788
        Lair:5 |       0 |    3658 |   0.0 |       0 |      18 |   0.0 |  1102
        Lair:6 |       0 |   15470 |   0.0 |       0 |      39 |   0.0 |  2293
       Swamp:1 |       0 |    6836 |   0.0 |       0 |      19 |   0.0 |  1483
       Swamp:2 |       0 |    6716 |   0.0 |       0 |      16 |   0.0 |  1193
       Swamp:3 |       0 |    7404 |   0.0 |       0 |      25 |   0.0 |  1042
         Orc:1 |       0 |    4460 |   0.0 |       0 |      47 |   0.0 |  1385
         Orc:2 |       0 |   16781 |   0.0 |       0 |      84 |   0.0 |  4170
       Volcano |       0 |    1422 |   0.0 |       0 |       4 |   0.0 |   287
               +---------+---------+-------+---------+---------+-------+---------
